 Dungeon Crawl Stone Soup version 0.27-a0-287-gd4424db430 (webtiles) character file.

Game seed: 3548073453953090278

36858 lunkers the Cloud Mage (level 13, 0/81 HPs)
             Began as a Tengu Air Elementalist on Feb 8, 2021.
             Was a High Priest of Vehumet.
             Slain by a komodo dragon (23 damage)
             ... on level 6 of the Lair of Beasts.
             The game lasted 00:33:56 (28158 turns).

lunkers the Cloud Mage (Tengu Air Elementalist)    Turns: 28158, Time: 00:33:57

Health: 0/81       AC:  8    Str: 10    XL:     13   Next: 93%
Magic:  11/28      EV: 15    Int: 20    God:    Vehumet [*****.]
Gold:   1214       SH: 11    Dex: 20    Spells: 19/33 levels left

rFire    + . .     SeeInvis .   b - staff of air
rCold    . . .     Faith    .   M - +0 buckler
rNeg     . . .     Spirit   .   O - +2 leather armour {rF+}
rPois    +         Reflect  +   (helmet restricted)
rElec    +         Harm     .   P - +0 cloak
rCorr    .         Rampage  .   N - +1 pair of gloves
Will     .....                  (boots unavailable)
Stlth    ++........             l - amulet of reflection
HPRegen  0.23/turn              R - +6 ring of dexterity
MPRegen  0.21/turn              u - ring of poison resistance

@: flying quickly and evasively, quick
A: beak, talons 3, able to fly
a: Stop Flying, Renounce Religion


You were on level 6 of the Lair of Beasts.
You worshipped Vehumet.
Vehumet was extremely pleased with you.
You visited 2 branches of the dungeon, and saw 16 of its levels.

You collected 1214 gold pieces.

Inventory:

Hand Weapons
 a - the +9 falchion of Mana {elec, Str+3}
   (You found it on level 7 of the Dungeon)

   Occasionally, upon striking a foe, it can discharge electrical energy and
   cause terrible harm.
   It affects your strength (+3).
 E - the +7 flail of Liarch {holy, +Inv Will+ Dex-3}
   (You found it on level 7 of the Dungeon)

   It has been blessed by the Shining One to cause great damage to the undead
   and demons.
   It affects your dexterity (-3).
   It affects your willpower, your defense against some magical effects.
   It lets you turn invisible.
Armour
 G - a +0 robe
 M - a +0 buckler (worn)
 N - a +1 pair of gloves (worn)
 O - a +2 leather armour of fire resistance (worn)
 P - a +0 cloak (worn)
Magical Staves
 b - an uncursed staff of air (weapon)
 H - an uncursed staff of conjuration
Jewellery
 k - an uncursed ring of protection from fire
 l - an amulet of reflection (around neck)
 u - a ring of poison resistance (right hand)
 A - an uncursed amulet of the acrobat {unknown}
 F - an uncursed amulet of regeneration {unknown}
 R - a +6 ring of dexterity (left hand)
 S - an uncursed ring of see invisible
Wands
 s - a wand of acid (4)
 x - a wand of random effects (18)
 y - a wand of polymorph (9)
 K - a wand of paralysis (7)
 Q - a wand of flame (35)
 T - a wand of mindburst (22)
 V - a wand of iceblast (9)
Scrolls
 f - 2 scrolls of enchant weapon
 n - 8 scrolls of teleportation
 o - 2 scrolls of enchant armour
 r - 11 scrolls of remove curse
 t - a scroll of fear
 v - 4 scrolls of amnesia
 w - a scroll of fog
 z - 2 scrolls of magic mapping
 D - a scroll of holy word
 J - 2 scrolls of vulnerability
 U - a scroll of identify
Potions
 c - 3 potions of berserk rage
 d - 4 potions of heal wounds
 e - 3 potions of mutation
 g - a potion of resistance
 h - 3 potions of might
 i - 3 potions of curing
 j - a potion of invisibility
 m - 4 potions of cancellation
 p - 4 potions of haste
 q - 2 potions of brilliance
 B - a potion of lignification
 C - 2 potions of ambrosia
 I - a potion of magic
Miscellaneous
 L - a lightning rod (4/4)


   Skills:
 + Level 9.7 Fighting
 - Level 2.1 Dodging
 - Level 2.0 Stealth
 - Level 4.0 Shields
 - Level 10.5 Spellcasting
 - Level 1.3 Conjurations
 * Level 21.2 Air Magic


You had 19 spell levels left.
You knew the following spells:

 Your Spells              Type           Power        Failure   Level
a - Airstrike             Air            48%          0%          4
b - Swiftness             Air            97%          0%          2
c - Static Discharge      Conj/Air       70%          1%          3
e - Lightning Bolt        Conj/Air       35%          1%          5

Your spell library contained the following spells:

 Spells                   Type           Power        Failure   Level
 Hailstorm                Conj/Ice       13%          17%         4
 Shock                    Conj/Air       100%         1%          1
 Corpse Rot               Necr/Air       N/A          1%          2
 Summon Lightning Spire   Summ/Air       68%          1%          4
 Animate Skeleton         Necr           20%          9%          1
 Apportation              Tloc           20%          9%          1
 Corona                   Hex            11%          9%          1
 Pain                     Necr           40%          9%          1
 Summon Small Mammal      Summ           40%          9%          1
 Call Imp                 Summ           10%          14%         2
 Sublimation of Blood     Necr           5%           14%         2
 Call Canine Familiar     Summ           10%          26%         3
 Confusing Touch          Hex            10%          26%         3
 Gell's Gravitas          Tloc           5%           26%         3
 Summon Guardian Golem    Hex/Summ       10%          26%         3
 Vampiric Draining        Necr           5%           26%         3
 Iskenderun's Battlesphe  Conj           16%          32%         5
 Bolt of Magma            Conj/Fire/Erth 6%           45%         5
 Yara's Violent Unravell  Hex/Tmut       5%           50%         5
 Animate Dead             Necr           5%           65%         4
 Dispel Undead            Necr           10%          65%         4
 Petrify                  Tmut/Erth      10%          65%         4
 Summon Ice Beast         Ice/Summ       10%          65%         4
 Iron Shot                Conj/Erth      6%           92%         6
 Agony                    Necr           10%          94%         5
 Excruciating Wounds      Necr           5%           94%         5
 Metabolic Englaciation   Hex/Ice        5%           94%         5
 Death Channel            Necr           5%           100%        6
 Orb of Destruction       Conj           8%           100%        7
 Spellforged Servitor     Conj/Summ      6%           100%        7


Dungeon Overview and Level Annotations

Branches:
Dungeon (10/15)            Temple (0/1) D:7            Lair (6/6) D:10
 Shoals (0/4) Lair:4        Snake (0/4) Lair:2          Orc (0/2) D:9
  Slime: Lair:5-6

Altars:
Cheibriados
Dithmenos
Fedhas
Gozag
Qazlal
Sif Muna
Vehumet
Yredelemnul
Zin

Shops:
D:4 *   D:8 *

Annotations:
D:8 3 runed translucent doors
Lair:1 3 runed translucent doors, mandarbmax's ghost, journeyman OgFi


Innate Abilities, Weirdness & Mutations

You have a beak for a mouth.
You have claws for feet.
You can fly continuously.


Message History

The komodo dragon bites you but does no damage.
The komodo dragon bites you.
The molten gargoyle hits you with a +0 flail!
You are engulfed in flames.
You resist. The komodo dragon bites you!!
* * * LOW HITPOINT WARNING * * *
The molten gargoyle hits you with a +0 flail!
* * * LOW HITPOINT WARNING * * *
You are engulfed in flames.
You resist.
* * * LOW HITPOINT WARNING * * *
The komodo dragon bites you!
* * * LOW HITPOINT WARNING * * *
You turn to flesh and can move again.
Unknown command.
Unknown command.
Unknown command.
You block the komodo dragon's attack.
There is a stone staircase leading up here.
The komodo dragon bites you!!
You die...

#####≈≈≈###≈###≈≈≈##
#.#..≈≈##≈(≈≈≈#≈≈≈≈## #
##....≈≈#≈≈≈≈≈≈≈≈≈≈..# ###
#.#...≈≈##≈≈≈≈)#≈≈≈..# .P##
##....≈≈≈###≈###≈≈≈.## ...#
#......≈≈≈≈###≈≈≈≈..P# ...#
#........≈≈≈≈≈≈≈...### ...##
###.....9...≈≈≈≈≈...## ....#
##......@l...........## ...##
#..................#..#
..#######....#..........#.#.#.###
.....##..#.#####.......###.##...#
...........## #......###..####..
##..........# ##.....# #..# ###
#..........## ##..### ..l# #
#.#.##.......# ..## #..9.
#..##P......## ## #....


You could see a komodo dragon and a molten gargoyle.

Vanquished Creatures
  A boulder beetle (D:9)
  2 hydras
  2 catoblepae (Lair:5)
  5 two-headed ogres
  3 death yaks
  Urug (Lair:5)
  An unseen horror (D:10)
  Pikel (D:7)
  5 elephants
  3 black mambas
  Joseph (D:7)
  8 cane toads
  6 komodo dragons
  A rime drake (Lair:2)
  A polar bear (Lair:2)
  3 trolls
  A snapping turtle (Lair:4)
  7 dream sheep
  2 tyrant leeches (Lair:6)
  20 blink frogs
  A vampire (D:10)
  2 wyverns
  2 shadows (D:9)
  19 yaks
  A basilisk (Lair:6)
  Menkaure (D:7)
  2 swamp worms (Lair:6)
  4 nagas
  12 water moccasins
  2 two-headed ogre zombies (D:9)
  Duvessa (D:7)
  6 orc warriors
  2 eyes of draining
  2 ice beasts
  2 black bears
  6 ogres
  2 sky beasts (D:5)
  18 wolves
  3 centaurs
  3 lemures (D:7)
  2 phantoms
  15 bullfrogs
  3 kobold brigands
  Blork the orc (D:4)
  Dowan (D:7)
  7 scorpions
  5 killer bees (D:7)
  7 wights
  3 electric eels
  4 howler monkeys
  2 jellies
  3 centaur zombies
  A quasit (D:6)
  2 bullfrog zombies (D:7)
  4 orc priests
  2 bullfrog skeletons (D:9)
  2 hounds
  2 iguanas
  Jessica (D:2)
  A gnoll shaman (D:7)
  Terence (D:2)
  7 orc wizards
  7 worker ants
  6 ogre zombies (D:9)
  A hound zombie (D:9)
  A hound skeleton (D:6)
  A worker ant zombie (D:5)
  14 gnolls
  12 adders
  A shadow imp (D:10)
  A white imp (D:7)
  An ufetubus (D:5)
  3 oozes
  An adder zombie (D:7)
  An adder skeleton (D:6)
  A worm (D:2)
  2 dart slugs
  7 leopard geckos
  43 orcs
  6 ball pythons
  9 bats
  6 giant cockroaches
  11 goblins
  3 hobgoblins
  9 jackals
  25 kobolds
  5 quokkas
  14 frilled lizards
  3 goblin zombies (D:9)
  2 hobgoblin zombies (D:9)
  A jackal skeleton (D:4)
  A jackal zombie (D:5)
  An orc skeleton (D:9)
  19 orc zombies (D:9)
  A quokka skeleton (D:7)
  10 rats
470 creatures vanquished.

Vanquished Creatures (others)
  67 fungi
  40 plants
107 creatures vanquished.

Grand Total: 577 creatures vanquished

Notes
Turn   | Place    | Note
-------+----------+-------------------------------------------
     0 | D:1      | lunkers the Tengu Air Elementalist began the quest for the
                  | Orb.
     0 | D:1      | Reached XP level 1. HP: 10/10 MP: 4/4
   179 | D:1      | Reached XP level 2. HP: 12/15 MP: 0/6
   524 | D:1      | Reached skill level 5 in Air Magic
   608 | D:1      | Reached XP level 3. HP: 19/19 MP: 3/7
  1740 | D:2      | Reached XP level 4. HP: 24/24 MP: 4/9
  1755 | D:2      | Learned a level 2 spell: Swiftness
  1759 | D:2      | Learned a level 3 spell: Static Discharge
  2056 | D:2      | Noticed Terence
  2094 | D:2      | Killed Terence
  2095 | D:2      | Reached skill level 6 in Air Magic
  2129 | D:2      | Found a shadowy altar of Dithmenos.
  2449 | D:2      | Found a faded altar of an unknown god.
  2571 | D:2      | Found a glowing silver altar of Zin.
  2746 | D:2      | Noticed Jessica
  2753 | D:2      | Killed Jessica
  2754 | D:2      | Gained mutation: You can fly continuously. [Tengu growth]
  2754 | D:2      | Reached XP level 5. HP: 28/28 MP: 6/10
  2863 | D:2      | You fall into a shaft and drop 2 floors!
  3086 | D:2      | Learned a level 4 spell: Airstrike
  3484 | D:3      | Reached skill level 7 in Air Magic
  3855 | D:4      | Found a stormy altar of Qazlal.
  3856 | D:4      | Noticed a fire elemental
  3915 | D:4      | Reached XP level 6. HP: 32/32 MP: 7/12
  3933 | D:4      | Noticed Blork the orc
  3949 | D:4      | Killed Blork the orc
  4029 | D:4      | Reached skill level 8 in Air Magic
  4250 | D:4      | Reached XP level 7. HP: 36/36 MP: 6/14
  4472 | D:4      | Found Igoniwup's Elemental Accessories.
  4688 | D:4      | Noticed a water elemental
  4688 | D:4      | Noticed an air elemental
  4885 | D:4      | Reached skill level 9 in Air Magic
  5119 | D:5      | Entered Level 5 of the Dungeon
  5371 | D:5      | Found a snail-covered altar of Cheibriados.
  5384 | D:5      | Found a blossoming altar of Fedhas.
  5848 | D:5      | Reached skill level 10 in Air Magic
  6221 | D:5      | Reached XP level 8. HP: 41/41 MP: 11/16
  6306 | D:5      | Reached skill level 5 in Spellcasting
  6422 | D:5      | Got a glimmering falchion
  6440 | D:5      | Identified the +4 falchion of the Hills {freeze, rF++ rN+
                  | Will-} (You found it on level 5 of the Dungeon)
  6778 | D:6      | Found a shimmering blue altar of Sif Muna.
  6941 | D:6      | Found a basalt altar of Yredelemnul.
  7602 | D:7      | Noticed Joseph
  7609 | D:7      | Killed Joseph
  7610 | D:7      | Reached skill level 11 in Air Magic
  7958 | D:7      | Reached skill level 12 in Air Magic
  7972 | D:6      | Reached XP level 9. HP: 34/45 MP: 3/19
  8079 | D:7      | Noticed a two-headed ogre
  8331 | D:7      | Killed a two-headed ogre
  8332 | D:7      | Reached skill level 13 in Air Magic
  9341 | D:7      | Identified the Disquisition on the Doomed Birds
  9371 | D:7      | Got a polished flail
  9380 | D:7      | Got a smoking falchion
  9508 | D:7      | Found a radiant altar of Vehumet.
  9508 | D:7      | Found an opulent altar of Gozag.
  9513 | D:7      | Reached skill level 14 in Air Magic
  9539 | D:7      | Became a worshipper of Vehumet
  9544 | D:7      | Identified the +7 flail of Liarch {holy, +Inv Will+ Dex-3}
                  | (You found it on level 7 of the Dungeon)
  9545 | D:7      | Identified the +9 falchion of Mana {elec, Str+3} (You found
                  | it on level 7 of the Dungeon)
  9567 | D:7      | Noticed Duvessa
  9588 | D:7      | Killed Duvessa
  9592 | D:7      | Reached XP level 10. HP: 29/50 MP: 1/22
 10124 | D:7      | Noticed Dowan
 10131 | D:7      | Killed Dowan
 10521 | D:7      | Reached skill level 15 in Air Magic
 10573 | D:7      | Noticed Pikel
 10576 | D:7      | Killed Pikel
 10997 | D:7      | Noticed Menkaure
 10999 | D:7      | Killed Menkaure
 11000 | D:7      | Reached skill level 1 in Fighting
 11166 | D:7      | Found a staircase to the Ecumenical Temple.
 11447 | D:7      | Got a transparent executioner's axe
 11448 | D:7      | Identified the +1 executioner's axe of the Median {freeze,
                  | rC+ Str+5} (You found it on level 7 of the Dungeon)
 11507 | D:8      | Noticed a two-headed ogre
 11513 | D:7      | Killed a two-headed ogre
 11656 | D:8      | Reached * piety under Vehumet
 11656 | D:8      | Offered knowledge of Freeze by Vehumet.
 12127 | D:8      | Reached skill level 16 in Air Magic
 12810 | D:8      | Found a runed translucent gate.
 12810 | D:8      | Noticed a white ugly thing
 12811 | D:8      | Noticed a red ugly thing
 12813 | D:8      | Found a runed translucent gate.
 12813 | D:8      | Found a runed translucent gate.
 12817 | D:8      | Noticed a purple ugly thing
 12817 | D:8      | Noticed a white ugly thing
 13016 | D:8      | Noticed a two-headed ogre
 13091 | D:7      | Learned a level 5 spell: Lightning Bolt
 13096 | D:8      | Killed a two-headed ogre
 13097 | D:8      | Reached XP level 11. HP: 60/60 MP: 10/24
 13745 | D:8      | Found Dudicwin's Serpentskin Sales.
 14323 | D:9      | Reached ** piety under Vehumet
 14323 | D:9      | Offered knowledge of Magic Dart by Vehumet.
 15653 | D:9      | Noticed a two-headed ogre
 15667 | D:9      | Killed a two-headed ogre
 15668 | D:9      | Reached skill level 17 in Air Magic
 15974 | D:9      | Found a staircase to the Orcish Mines.
 16001 | D:9      | Offered knowledge of Mephitic Cloud by Vehumet.
 16518 | D:9      | Noticed a boulder beetle
 16530 | D:9      | Killed a boulder beetle
 16752 | D:10     | Entered Level 10 of the Dungeon
 16831 | D:10     | Reached skill level 5 in Fighting
 16848 | D:10     | Noticed a two-headed ogre
 16855 | D:10     | Killed a two-headed ogre
 16894 | D:10     | Reached *** piety under Vehumet
 18671 | D:10     | Found a staircase to the Lair.
 18829 | D:10     | Killed an unseen horror
 18830 | D:10     | Reached skill level 18 in Air Magic
 18830 | D:10     | Reached XP level 12. HP: 52/69 MP: 13/26
 18967 | Lair:1   | Entered Level 1 of the Lair of Beasts
 19181 | Lair:1   | Reached skill level 10 in Spellcasting
 19264 | Lair:1   | Offered knowledge of Frozen Ramparts by Vehumet.
 19584 | Lair:1   | Noticed mandarbmax's ghost (journeyman OgFi)
 19586 | Lair:1   | Noticed an eight-headed hydra
 19815 | Lair:1   | Found a runed translucent gate.
 19816 | Lair:1   | Found a runed translucent gate.
 19817 | Lair:1   | Found a runed translucent gate.
 20558 | Lair:1   | Reached skill level 1 in Shields
 21290 | Lair:2   | Reached **** piety under Vehumet
 21576 | Lair:2   | Found a staircase to the Snake Pit.
 21812 | Lair:1   | Reached skill level 19 in Air Magic
 22026 | Lair:1   | Offered knowledge of Fulminant Prism by Vehumet.
 22448 | Lair:2   | You are sucked into a shaft and drop 1 floor!
 22991 | Lair:3   | Noticed a six-headed hydra
 22998 | Lair:3   | Killed a six-headed hydra
 23191 | Lair:3   | Reached XP level 13. HP: 77/77 MP: 16/28
 24451 | Lair:4   | Found a staircase to the Shoals.
 25023 | Lair:5   | Noticed Urug
 25028 | Lair:5   | Killed Urug
 25204 | Lair:5   | Noticed Nessos
 25205 | Lair:5   | Noticed Nessos
 25205 | Lair:5   | Nessos changed into Nessos the naga
 25213 | Lair:5   | Reached skill level 20 in Air Magic
 25217 | Lair:5   | Killed Nessos the naga
 25354 | Lair:5   | Noticed Sonja
 25356 | Lair:5   | Noticed Sonja
 25356 | Lair:5   | Sonja changed into Sonja the ice beast
 25360 | Lair:5   | Killed Sonja the ice beast
 27115 | Lair:6   | Entered Level 6 of the Lair of Beasts
 27509 | Lair:5   | Reached skill level 21 in Air Magic
 27573 | Lair:6   | Reached ***** piety under Vehumet
 27864 | Lair:6   | Offered knowledge of Hailstorm by Vehumet.
 28158 | Lair:6   | Slain by a komodo dragon

Illustrated notes

Levels and vault maps discovered:
D:1:      erik_arrival_cave_to_civilisation [erik_arrival_cave_to_hall],
          layout_basic
D:2:      layout_basic, general_overflow_altar, grunt_dithmenos_smoke,
          serial_forest, infiniplex_forest_lined_corner,
          infiniplex_forest_clump_double, infiniplex_forest_lined_room_2,
          infiniplex_forest_clump_long, infiniplex_forest_straight_5,
          chequers_ecumenical_altar_lobes, uniq_jessica, uniq_terence
D:3:      layout_rooms
D:4:      layout_loops_cross, nicolae_qazlal_style_of_elements,
          nicolae_elemental_shop, kennysheep_generic_room_16, uniq_blork_the_orc
D:5:      layout_basic, old_standard_altar, fedhas_ov_isle_minmay
D:6:      layout_basic, lemuel_crystal_altar, lemuel_round_altar
D:7:      minmay_the_grid_octo_tiled_octocenter
          [minmay_the_grid_octo_concentric, minmay_the_grid_octo_pinwheel,
          minmay_the_grid_octo_vomiting_pacman, minmay_the_grid_octo_clover_2,
          minmay_the_grid_octo_prize_single_spiral,
          minmay_the_grid_square_5x5_moneybag, minmay_the_grid_square_5x5_v,
          minmay_the_grid_square_5x5_c, minmay_the_grid_square_5x5_minibox],
          layout_loops_ring, minmay_temple_entry_statues_pillars, uniq_pikel,
          uniq_duvessa, uniq_menkaure, uniq_joseph
D:8:      layout_basic, ploomutoo_gammafunk_ghost_potion_laboratory,
          guppyfry_shop_venom
D:9:      layout_roguey, zombieorc2_lemuel, enter_bailey_7
D:10:     layout_stronghold, grunt_lair_entry_orc_guard_hut
Lair:1:   layout_chaotic_city, gammafunk_ghost_split
Lair:2:   layout_long_grid, minmay_snake_entry_guardpost_small
Lair:3:   layout_cave_pods, lemuel_fruit_fields
Lair:4:   layout_gridlike, minmay_shoals_entry_hut
Lair:5:   layout_gridlike, uniq_sonja, uniq_urug, uniq_nessos
Lair:6:   cheibrodos_lair_end_hotspot, layout_cave_pods, slime_altar_1,
          worms_lemuel

Skill      XL: |  1  2  3  4  5  6  7  8  9 10 11 12 13 |
---------------+----------------------------------------+-----
Air Magic      | 5 6 7 8 10 12 14 16 18 19 21 | 21.2
Spellcasting   | 3 4 6 7 8 9 10 | 10.5
Fighting       | 3 5 7 9 |  9.7
Shields        | 3 4 |  4.0
Dodging        | |  2.1
Stealth        | |  2.0
Conjurations   | |  1.3

Action                   |  1- 3 |  4- 6 |  7- 9 | 10-12 | 13-15 || total
-------------------------+-------+-------+-------+-------+-------++-------
Melee: Unarmed           |     2 |       |       |       |       ||     2
       Kick              |     1 |     5 |    24 |    12 |     5 ||    47
       Dagger            |     1 |    21 |    64 |       |       ||    86
       Peck              |       |     3 |    13 |    10 |     4 ||    30
       Falchion          |       |       |     1 |       |       ||     1
       Staff             |       |       |     3 |    41 |    14 ||    58
 Cast: Shock             |    91 |   132 |    10 |    12 |       ||   245
       Airstrike         |       |       |   123 |   374 |   146 ||   643
       Static Discharge  |       |       |     1 |    12 |     7 ||    20
       Lightning Bolt    |       |       |       |     6 |     7 ||    13
 Abil: Fly               |       |     1 |       |       |       ||     1
Evoke: Wand              |       |       |     6 |     5 |     2 ||    13
       Lightning rod     |       |       |       |     2 |       ||     2
  Use: Scroll            |       |       |       |    24 |     4 ||    28
Armor: Robe              |     1 |     4 |     3 |     6 |       ||    14
       Leather armour    |       |       |       |    13 |     8 ||    21
Dodge: Dodged            |     8 |    19 |    39 |    65 |    27 ||   158
Block: Other             |       |     7 |    14 |    19 |       ||    40
       Reflection        |       |       |       |     3 |       ||     3
       Buckler           |       |       |       |    24 |    32 ||    56

Table legend: (Time is in decaauts)
 A = Elapsed time spent in this place.
 B = Non-inter-level travel time spent in this place.
 C = Inter-level travel time spent in this place.
 D = Time resting spent in this place.
 E = Time spent auto-exploring this place.
 F = Levels seen in this place.
 G = Mean time per level.
                   A        B        C        D        E       F      G
               +--------+--------+--------+--------+--------+-----+--------+
         Total |  27160 |  26525 |    635 |   3781 |  19818 |  16 | 1697.5 |
       Dungeon |  18658 |  18210 |    448 |   2059 |  14299 |  10 | 1865.8 |
          Lair |   8502 |   8315 |    187 |   1721 |   5519 |   6 | 1417.0 |
               +--------+--------+--------+--------+--------+-----+--------+

Top non-repeatable levels by time:
     D:7: 3343 daAuts
     D:8: 2610 daAuts
    D:10: 2330 daAuts
     D:9: 2319 daAuts
  Lair:1: 1946 daAuts
  Lair:5: 1675 daAuts
  Lair:2: 1654 daAuts
     D:6: 1616 daAuts
     D:1: 1476 daAuts
     D:2: 1475 daAuts
     D:5: 1446 daAuts
     D:4: 1329 daAuts
  Lair:3: 1214 daAuts
  Lair:4: 1197 daAuts
  Lair:6: 813 daAuts
